 Dungeon Crawl Stone Soup version 0.21.1-1-g345015f (webtiles) character file.

93 grindst0ne the Skirmisher (level 4, 0/39 HPs)
             Began as a Demonspawn Chaos Knight on Feb 26, 2018.
             Slain by an orc
             ... wielding a +0 trident
              (5 damage)
             ... on level 3 of the Dungeon.
             The game lasted 00:02:43 (1614 turns).

grindst0ne the Skirmisher (Demonspawn Chaos Knight) Turns: 1614, Time: 00:02:44

Health: 0/39       AC: 11    Str: 13    XL:     4   Next: 37%
Magic:  4/4        EV: 10    Int: 14    God:    Xom [......]
Gold:   108        SH:  0    Dex: 12    Spells: 3/3 levels left

rFire    . . .     SeeInvis .   a - +0 hand axe (chaos)
rCold    . . .     Gourm    .   (no shield)
rNeg     . . .     Faith    .   b - +2 leather armour
rPois    .         Spirit   .   (no helmet)
rElec    .         Reflect  .   (no cloak)
rCorr    +         Harm     .   (no gloves)
MR       .....                  (no boots)
Stlth    +.........             (no amulet)
HPRegen  0.13/turn              n - ring of wizardry
MPRegen  0.09/turn              r - ring of resist corrosion

@: confused, sanguine armour, flying, drained
A: demonic guardian 1, spiny 1, sanguine armour 1
a: Renounce Religion


You were on level 3 of the Dungeon.
You worshipped Xom.
You were a very special plaything of Xom.
You were hungry.

You visited 1 branch of the dungeon, and saw 3 of its levels.

You collected 108 gold pieces.

Inventory:

Hand Weapons
 a - a +0 hand axe of chaos (weapon)
Armour
 b - a +2 leather armour (worn)
Jewellery
 e - an uncursed amulet of harm
 n - a ring of wizardry (left hand)
 r - a ring of resist corrosion (right hand)
Scrolls
 d - a scroll of enchant weapon {unknown}
 g - 4 scrolls of identify {unknown}
 h - 2 scrolls of amnesia {unknown}
 k - a scroll of teleportation {unknown}
 l - a scroll of fear {unknown}
 m - a scroll of magic mapping {unknown}
 o - a scroll of noise {unknown}
Potions
 i - a potion of magic {unknown}
 j - 2 potions of flight
 p - 2 potions of haste {unknown}
 q - a potion of brilliance {unknown}
 s - a potion of resistance {unknown}
Comestibles
 c - 5 rations


   Skills:
 + Level 5.1(4.1) Fighting
 - Level 2.6(1.8) Axes
 - Level 1.7(0.9) Armour
 - Level 0.8(0.0) Dodging
 + Level 0.8(0.0) Stealth


You had 3 spell levels left.
You didn't know any spells.

Dungeon Overview and Level Annotations

Branches:
Dungeon (3/15)

Altars:
Cheibriados
Fedhas
Xom


Innate Abilities, Weirdness & Mutations

A weak demonic guardian rushes to your aid.
You are partially covered in sharp spines.
When seriously injured, your bleeding wounds create armour. (AC +6)


Message History

The jackal bites you but does no damage.
The frilled lizard barely misses you. Something hits you but does no damage.
The jackal closely misses you.
You are feeling hungry.
Your leather armour prevents you from hitting the frilled lizard.
You closely miss the jackal. You closely miss something.
The frilled lizard completely misses you.
The jackal barely misses you. The orc barely misses you.
The frilled lizard is struck by your spines.
The frilled lizard closely misses you. Something hits you but does no damage.
You hear some strange, mumbled words.
You are more confused.
The orc barely misses you. The jackal is struck by your spines.
You kill the jackal!
The frilled lizard barely misses you.
You miss the frilled lizard.
The frilled lizard is heavily wounded.
The orc hits you from afar with a trident.
You die... "It's all fun and games until someone loses an eye."

, ,.....# *.# *#? *
, *
#.#..######.#*...,,
*##......##...#...)
**
,......)).#.#.#...[,
,
*,#####)#..#.#.....
, * #........# ,, ,*
,* ##.......#,,, ,,
, #....o..#*, , *
*** #.....l@####.##
* ,
###.....o........,
,,,
,.................
,,,,,
.##......######## ,
,,*#......# , , ,
#......# ,,,
,*#....<.# ** *
########


You could see 2 orcs and a frilled lizard.

Vanquished Creatures
  2 adders (D:2)
  A worm (D:2)
  2 dart slugs
  4 leopard geckos
  An orc (D:3)
  10 giant cockroaches (D:2)
  9 goblins
  4 hobgoblins
  3 jackals (D:3)
  5 bats
  A frilled lizard (D:3)
  9 kobolds
  3 rats (D:1)
54 creatures vanquished.

Vanquished Creatures (collateral kills)
  2 orcs (D:3)
2 creatures vanquished.

Grand Total: 56 creatures vanquished

Notes
Turn   | Place    | Note
-------+----------+-------------------------------------------
     0 | D:1      | grindst0ne the Demonspawn Chaos Knight began the quest for the Orb.
     0 | D:1      | Reached XP level 1. HP: 18/18 MP: 1/1
   170 | D:1      | Gained mutation: When seriously injured, your bleeding wounds create armour. (AC +6) [demonic ancestry]
   170 | D:1      | Reached XP level 2. HP: 24/24 MP: 2/2
   247 | D:1      | XOM: cloud trail
   292 | D:1      | Reached skill level 4 in Fighting
   767 | D:1      | Gained mutation: You are partially covered in sharp spines. [demonic ancestry]
   767 | D:1      | Reached XP level 3. HP: 21/30 MP: 3/3
   888 | D:2      | XOM: harmless Pois miscast
  1037 | D:2      | Found a blossoming altar of Fedhas.
  1037 | D:2      | Found a snail-covered altar of Cheibriados.
  1037 | D:2      | Found a shimmering altar of Xom.
  1362 | D:2      | XOM: divination: magic mapping
  1363 | D:2      | Gained mutation: A weak demonic guardian rushes to your aid. [demonic ancestry]
  1363 | D:2      | Reached XP level 4. HP: 33/38 MP: 4/4
  1387 | D:2      | Reached skill level 5 in Fighting
  1594 | D:3      | XOM: divination: magic mapping
  1614 | D:3      | Slain by an orc

Skill      XL: |  1  2  3  4 |
---------------+-------------+-----
Fighting       | 4 5 |  5.1
Axes           | |  2.6
Armour         | |  1.7
Dodging        | |  0.8
Stealth        | |  0.8

Action                   |  1- 3 |  4- 6 || total
-------------------------+-------+-------++-------
Melee: Hand axe          |   125 |    34 ||   159
  Use: Potion            |       |     1 ||     1
 Stab: Sleeping          |     1 |       ||     1
  Eat: Chunk             |     2 |       ||     2
Armor: Leather armour    |    54 |    26 ||    80
Dodge: Dodged            |    81 |    33 ||   114
